 Dungeon Crawl Stone Soup version 0.24-a0-789-g35933f4585 (webtiles) character file.

Game seed: 9701652117361284745, levelgen mode: deterministic

62 Kohma the Firebug (level 3, -1/26 HPs)
             Began as a Draconian Fire Elementalist on Oct 10, 2019.
             Killed by divine providence
             ... invoked by an orc priest
              (12 damage)
             ... on level 3 of the Dungeon.
             The game lasted 00:05:25 (2339 turns).

Kohma the Firebug (Draconian Fire Elementalist)     Turns: 2339, Time: 00:05:25

Health: -1/26      AC:  9    Str: 10    XL:     3   Next: 85%
Magic:  7/7        EV: 12    Int: 16    God:
Gold:   93         SH:  0    Dex: 11    Spells: 3/7 levels left

rFire    . . .     SeeInvis .   h - -1 dagger (curse)
rCold    . . .     Gourm    .   (no shield)
rNeg     . . .     Faith    .   (armour unavailable)
rPois    .         Spirit   .   (helmet restricted)
rElec    .         Reflect  .   (no cloak)
rCorr    .         Harm     .   f - +1 pair of gloves
MR       .....                  n - +1 pair of boots
Stlth    ++........             (no amulet)
HPRegen  0.08/turn              (no ring)
MPRegen  0.10/turn              (no ring)

@: no status effects
A: unfitting armour, cold-blooded, AC +5
a: no special abilities


You were on level 3 of the Dungeon.
You were not hungry.

You visited 1 branch of the dungeon, and saw 3 of its levels.

You collected 93 gold pieces.

Inventory:

Hand Weapons
 h - a cursed -1 dagger (weapon)
 u - a +0 falchion
Missiles
 d - 71 stones
 g - 18 sling bullets
 i - 17 poisoned darts (quivered)
Armour
 f - a +1 pair of gloves (worn)
 n - a +1 pair of boots (worn)
Jewellery
 q - an uncursed amulet of the acrobat {unknown}
Scrolls
 a - a scroll of amnesia {unknown}
 e - 2 scrolls of identify {unknown}
 m - a scroll of teleportation {unknown}
 o - 2 scrolls of remove curse {unknown}
 r - a scroll of immolation {unknown}
Potions
 c - a potion of ambrosia {unknown}
 j - a potion of agility {unknown}
 k - a potion of curing {unknown}
 l - a potion of invisibility {unknown}
 p - a potion of cancellation {unknown}
 s - a potion of brilliance {unknown}
Comestibles
 b - 3 rations
 t - 2 chunks of flesh


   Skills:
 - Level 1.7 Dodging
 - Level 1.7 Stealth
 + Level 2.7 Spellcasting
 + Level 2.2 Conjurations
 + Level 3.6 Fire Magic


You had 3 spell levels left.
You knew the following spells:

 Your Spells              Type           Power        Failure   Level  Hunger
a - Flame Tongue          Conj/Fire      ##...        5%          1    #......
b - Conjure Flame         Conj/Fire      ##......     17%         3    ###....

Your spell library contained the following spells:

 Spells                   Type           Power        Failure   Level  Hunger
 Throw Flame              Conj/Fire      ##....       9%          2    ##.....
 Inner Flame              Hex/Fire       #.......     26%         3    ###....
 Sticky Flame             Conj/Fire      ##......     50%         4    #####..
 Fireball                 Conj/Fire      ##........   83%         5    ######.


Dungeon Overview and Level Annotations

Branches:
Dungeon (3/15)

Altars:

Annotations:
D:3 Terence


Innate Abilities, Weirdness & Mutations

Your plain brown scales are hard. (AC +5)
You cannot fit into any form of body armour.
You are cold-blooded and may be slowed by cold attacks.


Message History

An orc comes into view. It is wielding a +0 dagger.
A rat comes into view.
Terence the Incautious comes into view.
He is wielding a +1 mace of holy wrath.
The orc moves out of view.
An orc priest comes into view.
The orc priest shouts!
An adder comes into view.
You see here 6 gold pieces.
You now have 93 gold pieces (gained 6).
An orc comes into view. It is wielding a +0 flail.
A worm comes into view.
The orc hits you but does no damage.
Terence shouts!
You hear a shout!
The orc priest mumbles some strange prayers to Beogh against you.
Beogh smites you!
Ouch! That really hurt!
The orc priest miscasts a cantrip.
The orc priest mumbles some strange prayers to Beogh against you.
Beogh smites you!
You die...

...............#
...............#
#.#............#
...............# #
#.##....<......#### #.
#.#......)<)....#..
##.###..[.#..รท###....#w#
#.......####....#....#.#
#...w..@...#....#....#..
...........#............
.......o................
##.##.rS....).........#.
.. ##o...#..............
. #.......>........#..#
#o#..............#.##
o...@...#...........#.#
.......###.........##.#


You could see Terence, a worm, an orc priest, an adder, 2 orcs and a rat.

Vanquished Creatures
  An adder (D:2)
  2 worms
  2 dart slugs
  2 leopard geckos (D:2)
  A ball python (D:2)
  A giant cockroach (D:1)
  4 goblins
  7 hobgoblins
  8 bats
  4 frilled lizards
  4 kobolds (D:2)
  5 rats
41 creatures vanquished.

Notes
Turn   | Place    | Note
-------+----------+-------------------------------------------
     0 | D:1      | Kohma the Draconian Fire Elementalist began the quest for
                  | the Orb.
     0 | D:1      | Reached XP level 1. HP: 14/14 MP: 3/3
   348 | D:1      | Reached XP level 2. HP: 20/20 MP: 3/5
  1218 | D:2      | Reached XP level 3. HP: 26/26 MP: 0/6
  1281 | D:2      | Learned a level 3 spell: Conjure Flame
  2331 | D:3      | Noticed Terence
  2339 | D:3      | Killed from afar by an orc priest

Levels and vault maps discovered:
D:1:      ncdulo_wetmaze, layout_loops_ring
D:2:      layout_basic, grunt_ministairs_7
D:3:      layout_rooms, kennysheep_generic_room_6, uniq_terence

Skill      XL: |  1  2  3 |
---------------+----------+-----
Conjurations   | 2 |  2.2
Dodging        | |  1.7
Stealth        | |  1.7
Spellcasting   | |  2.7
Fire Magic     | |  3.6

Action                   || total
-------------------------++-------
Melee: Unarmed           ||    10
       Dagger            ||     6
       Tailslap          ||     1
Throw: Stone             ||     3
       Dart              ||    15
 Cast: Flame Tongue      ||    82
  Eat: Chunk             ||     5
Armor: Skin              ||    19
Dodge: Dodged            ||    38

Table legend:
 A = Non-vault XP
 B = Vault XP
 C = Vault XP percentage of total XP
 D = Non-vault monster count
 E = Vault monster count
 F = Vault count percentage of total count
                 A         B        C        D         E       F
            +---------+---------+-------+---------+---------+-------
      Total |      86 |       3 |   3.4 |      39 |       2 |   4.9
            +---------+---------+-------+---------+---------+-------
        D:1 |      25 |       0 |   0.0 |      14 |       0 |   0.0
        D:2 |      40 |       3 |   7.0 |      15 |       2 |  11.8
        D:3 |      21 |       0 |   0.0 |      10 |       0 |   0.0
            +---------+---------+-------+---------+---------+-------
